 Dungeon Sprint DCSS version 0.20-a0-1103-g26be02c (webtiles) character file.

622 tinyrick the Unseen (level 7, -6/37 HPs)
             Began as a Spriggan Assassin on May 5, 2017.
             Was an Initiate of Dithmenos.
             Mangled by Sonja
             ... wielding a +2 short sword of draining
              (10 damage)
             ... in the Dungeon (Sprint I: "Red Sonja").
             The game lasted 00:03:29 (593 turns).

tinyrick the Unseen (Spriggan Assassin)              Turns: 593, Time: 00:03:29

Health: -6/37      AC:  3    Str:  7    XL:     7   Next: 22%
Magic:  8/8        EV: 17    Int: 12    God:    Dithmenos [......]
Gold:   415        SH:  0    Dex: 20    Spells: 6/6 levels left

rFire    . . .     SeeInvis +   a - +2 dagger
rCold    . . .     Gourm    .   (shield restricted)
rNeg     . . .     Faith    .   c - +0 robe
rPois    .         Spirit   .   (helmet restricted)
rElec    .         Reflect  .   d - +0 cloak
rCorr    .         Harm     .   (gloves unavailable)
MR       +....     NoTele   +   (boots unavailable)
Stlth    +++++++...             (no amulet)
Regen    0.2/turn               (no ring)
MPRegen  0.2/turn               (no ring)

@: hasted and slowed, drained, very quick
A: unfitting armour, see invisible, herbivore 3, speed 3, slow metabolism 2
a: Renounce Religion


You were in the Dungeon.
You worshipped Dithmenos.
Dithmenos was noncommittal.
You were not hungry.

You visited 1 branch You collected 415 gold pieces.

Inventory:

Hand Weapons
 a - a +2 dagger (weapon)
 b - a +0 blowgun
Armour
 c - a +0 robe (worn)
 d - a +0 cloak (worn)
Scrolls
 m - a scroll of blinking
 n - a scroll of identify {unknown}
Potions
 h - a potion of curing
 i - a potion of heal wounds
 k - 2 potions of magic
 l - a potion of berserk rage
Comestibles
 g - a bread ration


   Skills:
 + Level 4.1(3.2) Fighting
 + Level 5.9(5.1) Short Blades
 + Level 5.4(4.5) Throwing
 + Level 2.7(1.9) Dodging
 + Level 19.0(17.7) Stealth


You had 6 spell levels left.
You didn't know any spells.

Dungeon Overview and Level Annotations

Branches:
Dungeon (1/1)

Altars:
Cheibriados
Dithmenos
Elyvilon
Fedhas
Gozag
Hepliaklqana
Kikubaaqudgha
Makhleb
Nemelex Xobeh
Okawaru
Qazlal
Ru
Sif Muna
Trog
Uskayaw
Vehumet
Wu Jian
Xom
Yredelemnul
Zin
The Shining One
Jiyva
Lugonu

Shops:
D ?

Annotations:
D Sonja


Innate Abilities, Weirdness & Mutations

You are very small and have problems with some larger weapons.
You are too small for most types of armour.
You have supernaturally acute eyesight. (SInv)
You are a herbivore.
You cover ground extremely quickly.
You need consume almost no food.


Message History

a - a +2 dagger (weapon)
You feel better.
Sonja casts a spell.
Sonja looks slightly unstable.
You miss Sonja.
Sonja is severely wounded.
Sonja closely misses you. Sonja barely misses you.
Sonja hits you with an uncursed short sword of draining.
* * * LOW HITPOINT WARNING * * *
You feel drained.
You hit Sonja.
Sonja is almost dead.
Sonja hits you with an uncursed short sword of draining.
* * * LOW HITPOINT WARNING * * *
You feel drained. Sonja closely misses you. Sonja barely misses you.
You closely miss Sonja.
Sonja is almost dead.
Sonja barely misses you. x2; Sonja closely misses you.
Sonja hits you with an uncursed short sword of draining!
You die...

######################
#<.#.['..#.)'..#__#..+
#..'..#..'@K#..'..'..#
#.)#####'#####(#__####
#..####..#...#.####
#..#__####..##.#
#..#_____##(#_.+
#⌠⌠#_.∩...'.((_#
####_..__##_.#(#
#_____###(#[# #######
#.###


You could see Sonja.

Vanquished Creatures
  A slime creature (D)
  Sigmund (D)
  A yak (D)
  An ogre (D)
  A jelly (D)
  Ijyb (D)
6 creatures vanquished.

Notes
Turn   | Place    | Note
-------+----------+-------------------------------------------
     0 | D        | tinyrick the Spriggan Assassin began the quest for the Orb.
     0 | D        | Reached XP level 1. HP: 10/10 MP: 2/2
     1 | D        | Noticed Ijyb
     4 | D        | Killed Ijyb
     4 | D        | Reached skill level 9 in Stealth
     4 | D        | Reached XP level 2. HP: 15/15 MP: 3/3
     7 | D        | Noticed an ogre
    51 | D        | Killed an ogre
    51 | D        | Reached skill level 12 in Stealth
    51 | D        | Reached XP level 3. HP: 1/19 MP: 4/4
    51 | D        | Reached XP level 4. HP: 2/23 MP: 5/5
   370 | D        | Noticed Sigmund
   373 | D        | Killed Sigmund
   373 | D        | Reached skill level 16 in Stealth
   373 | D        | Reached XP level 5. HP: 28/28 MP: 6/6
   373 | D        | Reached XP level 6. HP: 32/32 MP: 7/7
   385 | D        | Found a deep blue altar of Sif Muna.
   386 | D        | Found an ornate altar of the Wu Jian Council.
   387 | D        | Found a radiant altar of Vehumet.
   415 | D        | Found Zusuraps's Magic Scroll Emporium.
   415 | D        | Found an ancient bone altar of Kikubaaqudgha.
   415 | D        | Found a hazy altar of Hepliaklqana.
   415 | D        | Found a stormy altar of Qazlal.
   415 | D        | Found a hide-covered altar of Uskayaw.
   415 | D        | Found a blossoming altar of Fedhas.
   415 | D        | Found a bloodstained altar of Trog.
   415 | D        | Found an iron altar of Okawaru.
   415 | D        | Found a basalt altar of Yredelemnul.
   415 | D        | Found a glowing golden altar of the Shining One.
   415 | D        | Found a snail-covered altar of Cheibriados.
   415 | D        | Found a sacrificial altar of Ru.
   415 | D        | Found a glowing silver altar of Zin.
   415 | D        | Found a shadowy altar of Dithmenos.
   415 | D        | Found a white marble altar of Elyvilon.
   415 | D        | Noticed a yak
   433 | D        | Killed a yak
   433 | D        | Reached skill level 5 in Short Blades
   433 | D        | Reached skill level 5 in Throwing
   433 | D        | Reached skill level 17 in Stealth
   508 | D        | Found an opulent altar of Gozag.
   509 | D        | Found a sparkling altar of Nemelex Xobeh.
   516 | D        | Became a worshipper of Dithmenos the Shadowed
   537 | D        | Found a burning altar of Makhleb.
   537 | D        | Found a viscous altar of Jiyva.
   537 | D        | Found a shimmering altar of Xom.
   537 | D        | Found a corrupted altar of Lugonu.
   537 | D        | Noticed a slime creature
   540 | D        | Killed a slime creature
   540 | D        | Reached skill level 19 in Stealth
   540 | D        | Reached XP level 7. HP: 37/37 MP: 8/8
   564 | D        | Noticed Sonja
   593 | D        | Mangled by Sonja

Vault maps used:
D:        dungeon_sprint_1

Skill      XL: |  1  2  3  4  5  6 |
---------------+-------------------+-----
Stealth        | 9 12 16 19 | 19.0
Fighting       | 2 3 4 |  4.1
Short Blades   | 3 4 5 |  5.9
Throwing       | 3 4 5 |  5.4
Dodging        | 2 |  2.7

Action                   |  1- 3 |  4- 6 |  7- 9 || total
-------------------------+-------+-------+-------++-------
Melee: Dagger            |     4 |     5 |     4 ||    13
 Fire: Blowgun           |     2 |     4 |    10 ||    16
  Use: Potion            |       |       |     2 ||     2
 Stab: Sleeping          |     1 |     3 |       ||     4
Dodge: Dodged            |     1 |     1 |    12 ||    14
